 Dungeon Crawl Stone Soup version 0.22.1-1-ga44c0e56f4 (webtiles) character file.

21 Morbidden the Insei (level 2, 0/18 HPs)
             Began as an Octopode Transmuter on Nov 4, 2018.
             Was an Initiate of Cheibriados.
             Slain by a giant cockroach (1 damage)
             ... on level 2 of the Dungeon.
             The game lasted 00:01:11 (808 turns).

Morbidden the Insei (Octopode Transmuter)            Turns: 808, Time: 00:01:12

Health: 0/18       AC:  1    Str: 10    XL:     2   Next: 83%
Magic:  5/5        EV: 12    Int: 16    God:    Cheibriados [......]
Gold:   21         SH:  0    Dex: 13    Spells: 4/5 levels left

rFire    . . .     SeeInvis .     - Unarmed
rCold    . . .     Gourm    .   (no shield)
rNeg     . . .     Faith    .   (helmet restricted)
rPois    .         Spirit   .   (no amulet)
rElec    .         Reflect  .   (no ring)
rCorr    .         Harm     .   (no ring)
MR       .....                  (no ring)
Stlth    ++........             (no ring)
HPRegen  0.06/turn              (no ring)
MPRegen  0.09/turn              (no ring)
                                (no ring)
                                (no ring)

@: heavily drained, slow
A: almost no armour, stealthy swim, amphibious, 8 rings, constrict 8, camouflage
1, gelatinous body 1
a: Bend Time, Renounce Religion


You were on level 2 of the Dungeon.
You worshipped Cheibriados.
Cheibriados was noncommittal.
You were not hungry.

You visited 1 branch of the dungeon, and saw 2 of its levels.

You collected 21 gold pieces.

Inventory:

Missiles
 a - 25 arrows
Scrolls
 b - 2 scrolls of identify {unknown}
Potions
 d - a potion of ambrosia {unknown}
Comestibles
 c - a ration


   Skills:
 + Level 1.0(0.0) Fighting
 + Level 2.0(0.5) Dodging
 + Level 0.7(0.0) Stealth
 * Level 3.6(2.0) Unarmed Combat
 * Level 2.1(0.6) Spellcasting
 * Level 2.2(0.6) Transmutations


You had 4 spell levels left.
You knew the following spells:

 Your Spells              Type           Power        Failure   Level  Hunger
a - Beastly Appendage     Tmut           #.....       19%         1    ##.....

Your spell library contained the following spells:

 Spells                   Type           Power        Failure   Level  Hunger
 Sticks to Snakes         Tmut           #.......     28%         2    ###....
 Spider Form              Tmut/Pois      #.........   54%         3    ####...
 Ice Form                 Ice/Tmut       #.......     91%         4    #####..
 Blade Hands              Tmut           #.........   99%         5    ######.


Dungeon Overview and Level Annotations

Branches:
Dungeon (2/15)

Altars:
Cheibriados


Innate Abilities, Weirdness & Mutations

You cannot wear most types of armour.
You are very stealthy in the water. (Stealth+)
You are amphibious.
You can wear up to eight rings at the same time.
You can use your tentacles to constrict eight enemies at once.
Your skin changes colour to match your surroundings (Stealth+).
Your rubbery body absorbs attacks. (AC +1, EV +1)


Message History

Ouch! That really hurt!
You closely miss the giant cockroach. You grab the giant cockroach.
Your squeeze misses the giant cockroach.
You constrict the giant cockroach, but do no damage.
You constrict the worm. The giant cockroach misses you.
Unknown command.
You tentacle-slap the worm.
The worm is almost dead.
You constrict the giant cockroach, but do no damage.
You constrict the worm.
The giant cockroach bites you but does no damage.
The worm bites you.
* * * LOW HITPOINT WARNING * * *
You tentacle-slap the worm.
You kill the worm!
You constrict the giant cockroach. The giant cockroach closely misses you.
Unknown command.
You release your grip on the giant cockroach.
The giant cockroach bites you.
You die...

### ###
#.#######.#####
#.......#.....#
#.#####.#...#.##
####.#
#...#.....
#.@..#
###.#.#...
#####s####
#.#.#.#. #.....#
#.#.#.#.
#.#.........
........
...........(.
........
...............
........
................
.......
................
......
#####+#....!....


You could see a giant cockroach.

Vanquished Creatures
  An ooze (D:1)
  A worm (D:2)
  A dart slug (D:1)
  A giant cockroach (D:1)
  A goblin (D:1)
  A hobgoblin (D:1)
  2 bats (D:1)
  A frilled lizard (D:1)
  A kobold (D:1)
  3 rats (D:1)
13 creatures vanquished.

Notes
Turn   | Place    | Note
-------+----------+-------------------------------------------
     0 | D:1      | Morbidden the Octopode Transmuter began the quest for the
                  | Orb.
     0 | D:1      | Reached XP level 1. HP: 13/13 MP: 3/3
   185 | D:1      | Reached XP level 2. HP: 18/18 MP: 5/5
   624 | D:1      | Found a snail-covered altar of Cheibriados.
   736 | D:1      | Became a worshipper of Cheibriados the Contemplative
   808 | D:2      | Slain by a giant cockroach

Action                   || total
-------------------------++-------
Melee: Unarmed           ||    32
       Constrict         ||     6
       Tentacles         ||     2
       Punch             ||     1
 Stab: Sleeping          ||     8
Armor: Skin              ||     3
Dodge: Dodged            ||    11
